 Dungeon Crawl Stone Soup version 0.30-a0-339-g89bb51ec76 (webtiles) character file.

Game seed: 88718423605221271

1715 Muataran the Cleaver (level 9, -1/79 HPs)
             Began as a Hill Orc Fighter on Nov 1, 2022.
             Slain by an orc warrior
             ... wielding a +0 glaive
              (18 damage)
             ... on level 7 of the Dungeon.
             The game lasted 00:09:31 (5845 turns).

Muataran the Cleaver (Hill Orc Fighter)             Turns: 5845, Time: 00:09:31

Health: -1/79      AC: 13    Str: 23    XL:     9   Next: 4%
Magic:  9/9        EV:  6    Int:  8    God:
Gold:   319        SH:  5    Dex: 10    Spells: 8/8 levels left

rFire   . . .      SeeInvis .    a - +0 war axe
rCold   . . .      Faith    .    c - +0 buckler
rNeg    . . .      Spirit   .    i - +0 plate armour
rPois   .          Reflect  .    (no helmet)
rElec   .          Harm     .    (no cloak)
rCorr   .          Rampage  .    e - +0 pair of gloves
Will    .....                    (no boots)
Stlth   ..........               (no amulet)
HPRegen 0.33/turn                (no ring)
MPRegen 0.11/turn                (no ring)

@: no status effects
A: no striking features
a: Convert to Beogh


You were on level 7 of the Dungeon.
You visited 1 branch of the dungeon, and saw 7 of its levels.
You also visited: Sewer.

You collected 319 gold pieces.

Inventory:

Hand Weapons
 a - a +0 war axe (weapon)
Missiles
 D - a throwing net (quivered)
Armour
 c - a +0 buckler (worn)
 e - a +0 pair of gloves (worn)
 i - a +0 plate armour (worn)
Wands
 d - a wand of flame (19)
 q - a wand of acid (11)
 v - a wand of roots (13)
 w - a wand of mindburst (16)
 y - a wand of polymorph (8)
Scrolls
 b - 4 scrolls of teleportation
 j - a scroll of fear
 k - a scroll of vulnerability {unknown}
 n - a scroll of fog
 o - a scroll of identify
 p - a scroll of poison
 r - a scroll of silence
 s - a scroll of magic mapping
 u - a scroll of immolation {unknown}
 A - a scroll of amnesia {unknown}
 C - a scroll of enchant armour {unknown}
Potions
 f - 2 potions of brilliance
 g - a potion of lignification
 h - 2 potions of curing
 l - 4 potions of cancellation
 m - 5 potions of flight
 t - a potion of attraction
 x - a potion of heal wounds {unknown}
 B - a potion of haste


   Skills:
 + Level 7.4 Fighting
 * Level 10.5 Axes
 + Level 5.3 Armour
 - Level 6.0 Shields


You had 8 spell levels left.
You didn't know any spells.
Your spell library contained the following spells:

 Spells                   Type           Power      Damage    Failure   Level
 Summon Forest            Summ/Tloc      0%         N/A       100%        5
 Eringya's Noxious Bog    Tmut/Pois      0%         N/A       100%        6
 Summon Hydra             Summ           0%         N/A       100%        7


Dungeon Overview and Level Annotations

Branches:
Dungeon (7/15)             Temple (0/1) D:7           Sewer (visited)

Altars:
Yredelemnul

Portals:
Bailey: D:7

Annotations:
D:2 1 runed translucent door, Crazy Yiuf


Message History

You hit the orc warrior but do no damage.
The orc warrior is severely wounded.
The orc warrior completely misses you.
You hit the orc warrior but do no damage.
The orc warrior is severely wounded.
The orc warrior barely misses you.
You closely miss the orc warrior.
The orc warrior is severely wounded.
A kobold comes into view. It is wielding a +0 short sword.
The orc warrior hits you with a +0 glaive!
* * * LOW HITPOINT WARNING * * *
The kobold shouts!
You hit the orc warrior but do no damage.
The orc warrior is severely wounded.
The orc priest shouts, "Beogh is our master!
Accept the truth or die!"
You hear a shout! x3
The orc warrior hits you with a +0 glaive!
* * * LOW HITPOINT WARNING * * *
You hear a shout!
It was a potion of ambrosia.
You are confused.
You feel invigorated.
The orc priest shouts, "Surrender to Beogh and we'll let you live!"
The orc warrior hits you but does no damage.
The orc warrior attacks as you move away!
The orc warrior hits you with a +0 glaive!
* * * LOW HITPOINT WARNING * * *
The orc warrior hits you but does no damage.
The orc warrior hits you but does no damage.
Things that are here:
a +0 flail; a +0 leather armour; an orc corpse You bump into the rock wall.
A kobold brigand comes into view.
It is wielding a +0 club and quivering poisoned darts.
The orc warrior hits you but does no damage.
The orc warrior hits you from afar with a +0 glaive!
* * * LOW HITPOINT WARNING * * *
You bump into the rock wall.
You feel less invigorated.
You feel less confused.
The orc warrior hits you from afar with a +0 glaive!!
You die...

#....##### **,**
#........#*** *,,***
###.>###....****,,,*****
##.###**#.,,****,,**,*
#...#####*,,,***,**,*
###.....##**,,,,,,,,*
#####..##******,,,***
##..### ***,,,** ##.@.#
*,,,,**** ###.####
**,,,,,,,, #.oo.#
*,,*,**,**
####o#**,**,*,,**
**#.o#,,**,,,,*
*,.....****,*,*
*..o..K#* *,*,**
#..o....#**,*,,, *****
*#....)..K.,,,**,


You could see an orc warrior, a kobold brigand, an orc priest, an orc wizard and
an orc.

Vanquished Creatures
  Maggie (D:6)
  Sigmund (D:6)
  A water moccasin (D:5)
  2 ice beasts
  Pargi (Sewer)
  2 phantoms
  A centaur (D:6)
  A kobold brigand (Sewer)
  A bullfrog (D:6)
  A scorpion (D:5)
  2 howler monkeys
  5 hounds
  3 iguanas
  5 adders
  2 river rats (D:6)
  An ufetubus (D:6)
  6 worms
  2 dart slugs
  7 orcs
  8 bats
  4 endoplasms
  2 giant cockroaches (D:4)
  7 goblins
  5 hobgoblins
  4 quokkas
  5 ball pythons
  3 frilled lizards
  8 kobolds
  8 rats
99 creatures vanquished.

Notes
Turn   | Place    | Note
-------+----------+-------------------------------------------
     0 | D:1      | Muataran the Hill Orc Fighter began the quest for the Orb.
     0 | D:1      | Reached XP level 1. HP: 19/19 MP: 1/1
    64 | D:1      | Reached skill level 3 in Axes
   111 | D:1      | Reached XP level 2. HP: 27/27 MP: 2/2
   422 | D:1      | Reached XP level 3. HP: 33/33 MP: 3/3
   906 | D:2      | Found a basalt altar of Yredelemnul.
  1075 | D:2      | Reached skill level 4 in Axes
  1189 | D:2      | Found a faded altar of an unknown god.
  1221 | D:2      | Found a runed translucent door.
  1222 | D:2      | Noticed Crazy Yiuf
  1776 | D:3      | Reached XP level 4. HP: 34/40 MP: 4/4
  2189 | D:4      | Reached XP level 5. HP: 7/47 MP: 5/5
  2404 | D:4      | Noticed a phantom
  2422 | D:4      | Killed a phantom
  2423 | D:4      | Reached skill level 5 in Axes
  2478 | D:4      | Reached XP level 6. HP: 46/55 MP: 6/6
  3081 | D:5      | Entered Level 5 of the Dungeon
  3131 | D:5      | Reached skill level 5 in Fighting
  3131 | D:5      | Reached skill level 6 in Axes
  3202 | D:5      | Reached XP level 7. HP: 24/61 MP: 7/7
  3584 | D:5      | Reached skill level 7 in Axes
  3584 | D:5      | Reached skill level 5 in Shields
  4640 | D:6      | Reached skill level 8 in Axes
  4646 | D:6      | Reached XP level 8. HP: 54/70 MP: 8/8
  4917 | D:6      | Found a glowing drain.
  4924 | Sewer    | Entered a sewer
  4943 | Sewer    | Noticed Pargi
  4959 | Sewer    | Killed Pargi
  5210 | D:6      | Reached skill level 9 in Axes
  5284 | D:6      | Noticed Sigmund
  5292 | D:6      | Killed Sigmund
  5382 | D:6      | Noticed Maggie
  5395 | D:6      | Killed Maggie
  5396 | D:6      | Reached skill level 10 in Axes
  5396 | D:6      | Reached skill level 5 in Armour
  5396 | D:6      | Reached XP level 9. HP: 22/79 MP: 9/9
  5812 | D:7      | Found a flagged portal.
  5845 | D:7      | Slain by an orc warrior

Illustrated notes

Levels and vault maps discovered:
D:1:      onia_arrival_handbag, layout_basic
D:2:      layout_basic, basic_ecumenical_altar, basic_altar,
          uniq_crazy_yiuf_cottage
D:3:      layout_basic
D:4:      layout_loops_cross, serial_forest, infiniplex_forest_zigzag_1,
          infiniplex_forest_straight_5, infiniplex_forest_clump_tiny,
          infiniplex_forest_clump_curved, infiniplex_forest_lined_room_2,
          infiniplex_forest_diagonal, minmay_misc_feat_rows
D:5:      layout_basic
D:6:      layout_loops_ring, lightli_sewer_entry_pipes, uniq_maggie,
          uniq_sigmund
D:7:      layout_rooms, temple_statues, enter_bailey_2, uniq_joseph

Skill      XL: |  1  2  3  4  5  6  7  8 |
---------------+-------------------------+-----
Axes           | 3 4 5 6 8 10 | 10.5
Fighting       | 4 5 6 7 |  7.4
Armour         | 4 5 |  5.3
Shields        | 4 5 6 |  6.0

Action                   |  1- 3 |  4- 6 |  7- 9 || total
-------------------------+-------+-------+-------++-------
Melee: War axe           |   151 |   135 |   173 ||   459
  Use: Scroll            |     3 |     1 |    10 ||    14
       Potion            |       |     1 |     4 ||     5
Armor: Scale mail        |    15 |       |       ||    15
       Plate armour      |    75 |    84 |   122 ||   281
       Skin              |       |     5 |       ||     5
Dodge: Dodged            |    49 |    32 |    52 ||   133
Block: Buckler           |    44 |    29 |    36 ||   109

Table legend: (Time is in decaauts)
 A = Elapsed time spent in this place.
 B = Non-inter-level travel time spent in this place.
 C = Inter-level travel time spent in this place.
 D = Time resting spent in this place.
 E = Time spent auto-exploring this place.
 F = Levels seen in this place.
 G = Mean time per level.
                   A        B        C        D        E       F      G
               +--------+--------+--------+--------+--------+-----+--------+
         Total |   5993 |   5728 |    265 |    629 |   4013 |   8 |  749.1 |
       Dungeon |   5746 |   5481 |    265 |    629 |   3835 |   7 |  820.9 |
         Sewer |    246 |    246 |      0 |      0 |    178 |   1 |  246.0 |
               +--------+--------+--------+--------+--------+-----+--------+

Top non-repeatable levels by time:
     D:5: 1495 daAuts
     D:2: 1097 daAuts
     D:6: 1032 daAuts
     D:4: 984 daAuts
     D:1: 603 daAuts
     D:3: 477 daAuts
   Sewer: 246 daAuts
     D:7: 56 daAuts
